 Dungeon Crawl Stone Soup version 0.18-a0-1-gfac8111 (webtiles) character file.

28 mrath the Digger (level 3, -2/19 HPs)
             Began as a Gargoyle Earth Elementalist on Oct 31, 2015.
             Slain by a worm (6 damage)
             ... on level 2 of the Dungeon.
             The game lasted 00:10:04 (1867 turns).

mrath the Digger (Gargoyle Earth Elementalist)      Turns: 1867, Time: 00:10:05

Health: -2/19      AC:  5    Str: 11    XL:     3   Next: 14%
Magic:  5/7        EV: 12    Int: 16    God:
Gold:   14         SH:  0    Dex: 10    Spells: 1 memorised, 7 levels left

rFire  . . .     SeeInvis .     g - +0 club
rCold  . . .     Clarity  .     b - +0 robe
rNeg   + . .     SustAt   .     (no shield)
rPois  ∞         Gourm    .     (no helmet)
rElec  +         Spirit   .     (no cloak)
rCorr  .         Warding  .     (no gloves)
rMut   .         Stasis   .     (no boots)
MR     .....                    (no amulet)
Stlth  ++........               (no ring)
                                (no ring)

@: very slightly contaminated, not resistant to hostile enchantments, unstealthy
A: negative energy resistance 1, electricity resistance, unbreathing,
petrification resistance, rot immunity, AC +3
a: no special abilities


You were on level 2 of the Dungeon.
You were not hungry.

You visited 1 branch of the dungeon, and saw 2 of its levels.

You collected 14 gold pieces.

Inventory:

Hand Weapons
 e - a +0 dagger
 g - a +0 club (weapon)
Missiles
 a - 18 stones (quivered)
Armour
 b - a +0 robe (worn)
Jewellery
 i - an uncursed ring of magical power {unknown}
Scrolls
 d - a scroll of fog {unknown}
 j - a scroll of identify {unknown}
Books
 c - a book of Geomancy

   Spells                             Type                      Level
   a - Sandblast                      Earth                        1
   b - Stoneskin                      Transmutation/Earth          2
   c - Passwall                       Transmutation/Earth          3
   d - Stone Arrow                    Conjuration/Earth            3
   e - Petrify                        Transmutation/Earth          4
   f - Lee's Rapid Deconstruction     Earth                        5
Comestibles
 f - a royal jelly
 h - 6 chunks of flesh
 k - a bread ration


   Skills:
 - Level 1.5 Dodging
 - Level 2.1 Stealth
 * Level 3.0 Spellcasting
   Level 0.7 Transmutations
 + Level 4.1 Earth Magic


You had 7 spell levels left.
You knew the following spells:

 Your Spells              Type           Power        Failure   Level  Hunger
a - Sandblast             Erth           ###...       4%          1    #......


Dungeon Overview and Level Annotations

Branches:
Dungeon (2/15)

Altars:


Innate Abilities, Weirdness & Mutations

You are resistant to torment.
Your stone body is resilient (AC +3).
You are immune to poison.
You resist negative energy.
You are resistant to electric shocks.
You can survive without breathing.
You are immune to petrification.
You are immune to rotting.


Message History

The worm is moderately wounded.
The worm closely misses you.
You hit the worm.
The worm is moderately wounded.
The worm misses you.
You hit the worm.
The worm is heavily wounded.
The worm bites you but does no damage.
You hit the worm.
The worm is heavily wounded.
The worm bites you but does no damage.
You hit the worm.
The worm is heavily wounded.
You hit the worm but do no damage.
The worm is heavily wounded.
The worm closely misses you.
You hit the worm but do no damage.
The worm is moderately wounded.
The worm bites you.
You die...

...# #..# #..#
#..# #..# #..#
#..# # ###..#
#..# #.##.#wr#
#..# ...!...#
#..# #....#
#w@# #....#
#..#
#.#....####..#
#.......w....#
###..#######.#
#.. #.# #..
#.# #.. #.#
#.. #..


You could see a worm.

Vanquished Creatures
  An ooze (D:1)
  5 hobgoblins (D:1)
  3 bats (D:1)
  2 giant cockroaches
  A giant newt (D:1)
  5 goblins (D:1)
  3 kobolds (D:1)
  5 rats
  A plant (D:1)
26 creatures vanquished.

Notes
Turn   | Place    | Note
--------------------------------------------------------------
     0 | D:1      | mrath the Gargoyle Earth Elementalist began the quest for the Orb.
     0 | D:1      | Reached XP level 1. HP: 10/10 MP: 3/3
   423 | D:1      | Reached XP level 2. HP: 15/15 MP: 1/5
  1190 | D:1      | Reached skill level 4 in Earth Magic
  1424 | D:1      | Reached XP level 3. HP: 15/19 MP: 7/7
  1867 | D:2      | Slain by a worm

Vault maps used:
D:1:      matt_arrival_los_fun, serial_forest, infiniplex_forest_lined_room_2,
          infiniplex_forest_clump_long, infiniplex_forest_clump_diagonal,
          infiniplex_forest_pool, infiniplex_forest_end_1,
          infiniplex_forest_straight_2, infiniplex_forest_split,
          infiniplex_forest_lined_room_, minmay_hedge_maze
D:2:      nicolae_overflow_hidden_temple, first_bread, trog_hazing_becter

Action                   || total
-------------------------++-------
Melee: Dagger            ||    37
       Club              ||   110
 Cast: Sandblast         ||    39
  Eat: Bread ration      ||     1
